%YAML 1.1
%TAG !u! tag:unity3d.com,2011:
--- !u!1 &4469664286339478919
GameObject:
  m_ObjectHideFlags: 0
  m_CorrespondingSourceObject: {fileID: 0}
  m_PrefabInstance: {fileID: 0}
  m_PrefabAsset: {fileID: 0}
  serializedVersion: 6
  m_Component:
  - component: {fileID: 4469664286339478923}
  - component: {fileID: 4469664286339478922}
  - component: {fileID: 4469664286339478916}
  - component: {fileID: 4469664286339478917}
  - component: {fileID: 4469664286339478918}
  - component: {fileID: 4469664286339478921}
  m_Layer: 5
  m_Name: PrefaceForm 1
  m_TagString: Untagged
  m_Icon: {fileID: 0}
  m_NavMeshLayer: 0
  m_StaticEditorFlags: 0
  m_IsActive: 1
--- !u!224 &4469664286339478923
RectTransform:
  m_ObjectHideFlags: 0
  m_CorrespondingSourceObject: {fileID: 0}
  m_PrefabInstance: {fileID: 0}
  m_PrefabAsset: {fileID: 0}
  m_GameObject: {fileID: 4469664286339478919}
  m_LocalRotation: {x: 0, y: 0, z: 0, w: 1}
  m_LocalPosition: {x: 0, y: 0, z: 0}
  m_LocalScale: {x: 0, y: 0, z: 0}
  m_Children:
  - {fileID: 5244057813873341781}
  - {fileID: 5244057813285640011}
  - {fileID: 5244057814680950402}
  - {fileID: 5244057815059199668}
  m_Father: {fileID: 0}
  m_RootOrder: 0
  m_LocalEulerAnglesHint: {x: 0, y: 0, z: 0}
  m_AnchorMin: {x: 0, y: 0}
  m_AnchorMax: {x: 0, y: 0}
  m_AnchoredPosition: {x: 0, y: 0}
  m_SizeDelta: {x: 0, y: 0}
  m_Pivot: {x: 0, y: 0}
--- !u!114 &4469664286339478922
MonoBehaviour:
  m_ObjectHideFlags: 0
  m_CorrespondingSourceObject: {fileID: 0}
  m_PrefabInstance: {fileID: 0}
  m_PrefabAsset: {fileID: 0}
  m_GameObject: {fileID: 4469664286339478919}
  m_Enabled: 1
  m_EditorHideFlags: 0
  m_Script: {fileID: 11500000, guid: 07c08d3aed395bd429a74de01bde6c8f, type: 3}
  m_Name: 
  m_EditorClassIdentifier: 
  prefaceMonoScreens:
  - {fileID: 5344046473023412380}
  - {fileID: 5344046473576577666}
  - {fileID: 5344046474900421451}
  - {fileID: 5344046474470857597}
  personalityController: {fileID: 0}
  formData: {fileID: 11400000, guid: 2784fbe6c74ed1a4a8622849fda92b71, type: 2}
  fmod: {fileID: 0}
--- !u!223 &4469664286339478916
Canvas:
  m_ObjectHideFlags: 0
  m_CorrespondingSourceObject: {fileID: 0}
  m_PrefabInstance: {fileID: 0}
  m_PrefabAsset: {fileID: 0}
  m_GameObject: {fileID: 4469664286339478919}
  m_Enabled: 1
  serializedVersion: 3
  m_RenderMode: 0
  m_Camera: {fileID: 0}
  m_PlaneDistance: 100
  m_PixelPerfect: 0
  m_ReceivesEvents: 1
  m_OverrideSorting: 0
  m_OverridePixelPerfect: 0
  m_SortingBucketNormalizedSize: 0
  m_AdditionalShaderChannelsFlag: 25
  m_SortingLayerID: 0
  m_SortingOrder: 0
  m_TargetDisplay: 0
--- !u!114 &4469664286339478917
MonoBehaviour:
  m_ObjectHideFlags: 0
  m_CorrespondingSourceObject: {fileID: 0}
  m_PrefabInstance: {fileID: 0}
  m_PrefabAsset: {fileID: 0}
  m_GameObject: {fileID: 4469664286339478919}
  m_Enabled: 1
  m_EditorHideFlags: 0
  m_Script: {fileID: 11500000, guid: 0cd44c1031e13a943bb63640046fad76, type: 3}
  m_Name: 
  m_EditorClassIdentifier: 
  m_UiScaleMode: 0
  m_ReferencePixelsPerUnit: 100
  m_ScaleFactor: 1
  m_ReferenceResolution: {x: 800, y: 600}
  m_ScreenMatchMode: 0
  m_MatchWidthOrHeight: 0
  m_PhysicalUnit: 3
  m_FallbackScreenDPI: 96
  m_DefaultSpriteDPI: 96
  m_DynamicPixelsPerUnit: 1
--- !u!114 &4469664286339478918
MonoBehaviour:
  m_ObjectHideFlags: 0
  m_CorrespondingSourceObject: {fileID: 0}
  m_PrefabInstance: {fileID: 0}
  m_PrefabAsset: {fileID: 0}
  m_GameObject: {fileID: 4469664286339478919}
  m_Enabled: 1
  m_EditorHideFlags: 0
  m_Script: {fileID: 11500000, guid: dc42784cf147c0c48a680349fa168899, type: 3}
  m_Name: 
  m_EditorClassIdentifier: 
  m_IgnoreReversedGraphics: 1
  m_BlockingObjects: 0
  m_BlockingMask:
    serializedVersion: 2
    m_Bits: 4294967295
--- !u!114 &4469664286339478921
MonoBehaviour:
  m_ObjectHideFlags: 0
  m_CorrespondingSourceObject: {fileID: 0}
  m_PrefabInstance: {fileID: 0}
  m_PrefabAsset: {fileID: 0}
  m_GameObject: {fileID: 4469664286339478919}
  m_Enabled: 1
  m_EditorHideFlags: 0
  m_Script: {fileID: 11500000, guid: 59f8146938fff824cb5fd77236b75775, type: 3}
  m_Name: 
  m_EditorClassIdentifier: 
  m_Padding:
    m_Left: 0
    m_Right: 0
    m_Top: 0
    m_Bottom: 0
  m_ChildAlignment: 0
  m_Spacing: 0
  m_ChildForceExpandWidth: 1
  m_ChildForceExpandHeight: 1
  m_ChildControlWidth: 1
  m_ChildControlHeight: 1
  m_ChildScaleWidth: 0
  m_ChildScaleHeight: 0
  m_ReverseArrangement: 0
--- !u!1001 &4469664285523582220
PrefabInstance:
  m_ObjectHideFlags: 0
  serializedVersion: 2
  m_Modification:
    m_TransformParent: {fileID: 4469664286339478923}
    m_Modifications:
    - target: {fileID: 725679435796374007, guid: 844a84fb76032b143896bec0527271d2, type: 3}
      propertyPath: m_Enabled
      value: 1
      objectReference: {fileID: 0}
    - target: {fileID: 1296243605726136628, guid: 844a84fb76032b143896bec0527271d2, type: 3}
      propertyPath: m_AnchorMin.y
      value: 0
      objectReference: {fileID: 0}
    - target: {fileID: 1296243605726136628, guid: 844a84fb76032b143896bec0527271d2, type: 3}
      propertyPath: m_AnchorMax.y
      value: 0
      objectReference: {fileID: 0}
    - target: {fileID: 1296243605726136628, guid: 844a84fb76032b143896bec0527271d2, type: 3}
      propertyPath: m_AnchoredPosition.x
      value: 0
      objectReference: {fileID: 0}
    - target: {fileID: 1296243605726136628, guid: 844a84fb76032b143896bec0527271d2, type: 3}
      propertyPath: m_SizeDelta.x
      value: 0
      objectReference: {fileID: 0}
    - target: {fileID: 1296243605726136628, guid: 844a84fb76032b143896bec0527271d2, type: 3}
      propertyPath: m_SizeDelta.y
      value: 0
      objectReference: {fileID: 0}
    - target: {fileID: 1296243605726136629, guid: 844a84fb76032b143896bec0527271d2, type: 3}
      propertyPath: m_IsActive
      value: 1
      objectReference: {fileID: 0}
    - target: {fileID: 1615659413197828387, guid: 844a84fb76032b143896bec0527271d2, type: 3}
      propertyPath: m_AnchorMin.y
      value: 0
      objectReference: {fileID: 0}
    - target: {fileID: 1615659413197828387, guid: 844a84fb76032b143896bec0527271d2, type: 3}
      propertyPath: m_AnchorMax.y
      value: 0
      objectReference: {fileID: 0}
    - target: {fileID: 1615659413197828387, guid: 844a84fb76032b143896bec0527271d2, type: 3}
      propertyPath: m_AnchoredPosition.x
      value: 0
      objectReference: {fileID: 0}
    - target: {fileID: 1615659413197828387, guid: 844a84fb76032b143896bec0527271d2, type: 3}
      propertyPath: m_AnchoredPosition.y
      value: 0
      objectReference: {fileID: 0}
    - target: {fileID: 1615659413197828387, guid: 844a84fb76032b143896bec0527271d2, type: 3}
      propertyPath: m_SizeDelta.x
      value: 0
      objectReference: {fileID: 0}
    - target: {fileID: 1615659414132765315, guid: 844a84fb76032b143896bec0527271d2, type: 3}
      propertyPath: m_SizeDelta.x
      value: 1920
      objectReference: {fileID: 0}
    - target: {fileID: 1615659414132765315, guid: 844a84fb76032b143896bec0527271d2, type: 3}
      propertyPath: m_AnchorMin.y
      value: 0
      objectReference: {fileID: 0}
    - target: {fileID: 1615659414132765315, guid: 844a84fb76032b143896bec0527271d2, type: 3}
      propertyPath: m_AnchorMax.y
      value: 0
      objectReference: {fileID: 0}
    - target: {fileID: 1615659414132765315, guid: 844a84fb76032b143896bec0527271d2, type: 3}
      propertyPath: m_SizeDelta.y
      value: 0
      objectReference: {fileID: 0}
    - target: {fileID: 1615659414304394767, guid: 844a84fb76032b143896bec0527271d2, type: 3}
      propertyPath: m_SizeDelta.x
      value: 1920
      objectReference: {fileID: 0}
    - target: {fileID: 1615659414304394767, guid: 844a84fb76032b143896bec0527271d2, type: 3}
      propertyPath: m_AnchorMin.y
      value: 0
      objectReference: {fileID: 0}
    - target: {fileID: 1615659414304394767, guid: 844a84fb76032b143896bec0527271d2, type: 3}
      propertyPath: m_AnchorMax.y
      value: 0
      objectReference: {fileID: 0}
    - target: {fileID: 1615659414304394767, guid: 844a84fb76032b143896bec0527271d2, type: 3}
      propertyPath: m_SizeDelta.y
      value: 0
      objectReference: {fileID: 0}
    - target: {fileID: 1615659414304394767, guid: 844a84fb76032b143896bec0527271d2, type: 3}
      propertyPath: m_AnchoredPosition.y
      value: 0
      objectReference: {fileID: 0}
    - target: {fileID: 1884025097177491942, guid: 844a84fb76032b143896bec0527271d2, type: 3}
      propertyPath: m_IsActive
      value: 1
      objectReference: {fileID: 0}
    - target: {fileID: 1884025097177491943, guid: 844a84fb76032b143896bec0527271d2, type: 3}
      propertyPath: m_AnchorMin.y
      value: 0
      objectReference: {fileID: 0}
    - target: {fileID: 1884025097177491943, guid: 844a84fb76032b143896bec0527271d2, type: 3}
      propertyPath: m_AnchorMax.y
      value: 0
      objectReference: {fileID: 0}
    - target: {fileID: 1884025097177491943, guid: 844a84fb76032b143896bec0527271d2, type: 3}
      propertyPath: m_AnchoredPosition.x
      value: 0
      objectReference: {fileID: 0}
    - target: {fileID: 1884025097177491943, guid: 844a84fb76032b143896bec0527271d2, type: 3}
      propertyPath: m_AnchoredPosition.y
      value: 0
      objectReference: {fileID: 0}
    - target: {fileID: 1884025097177491943, guid: 844a84fb76032b143896bec0527271d2, type: 3}
      propertyPath: m_SizeDelta.x
      value: 0
      objectReference: {fileID: 0}
    - target: {fileID: 1884025097177491943, guid: 844a84fb76032b143896bec0527271d2, type: 3}
      propertyPath: m_SizeDelta.y
      value: 0
      objectReference: {fileID: 0}
    - target: {fileID: 2140249703792431600, guid: 844a84fb76032b143896bec0527271d2, type: 3}
      propertyPath: m_AnchorMin.y
      value: 0
      objectReference: {fileID: 0}
    - target: {fileID: 2140249703792431600, guid: 844a84fb76032b143896bec0527271d2, type: 3}
      propertyPath: m_AnchorMax.y
      value: 0
      objectReference: {fileID: 0}
    - target: {fileID: 2140249703792431600, guid: 844a84fb76032b143896bec0527271d2, type: 3}
      propertyPath: m_AnchoredPosition.x
      value: 0
      objectReference: {fileID: 0}
    - target: {fileID: 2140249703792431600, guid: 844a84fb76032b143896bec0527271d2, type: 3}
      propertyPath: m_AnchoredPosition.y
      value: 0
      objectReference: {fileID: 0}
    - target: {fileID: 2140249703792431600, guid: 844a84fb76032b143896bec0527271d2, type: 3}
      propertyPath: m_SizeDelta.x
      value: 0
      objectReference: {fileID: 0}
    - target: {fileID: 2140249704743883344, guid: 844a84fb76032b143896bec0527271d2, type: 3}
      propertyPath: m_SizeDelta.x
      value: 0
      objectReference: {fileID: 0}
    - target: {fileID: 2140249704743883344, guid: 844a84fb76032b143896bec0527271d2, type: 3}
      propertyPath: m_AnchorMin.y
      value: 0
      objectReference: {fileID: 0}
    - target: {fileID: 2140249704743883344, guid: 844a84fb76032b143896bec0527271d2, type: 3}
      propertyPath: m_AnchorMax.y
      value: 0
      objectReference: {fileID: 0}
    - target: {fileID: 2140249704743883344, guid: 844a84fb76032b143896bec0527271d2, type: 3}
      propertyPath: m_SizeDelta.y
      value: 0
      objectReference: {fileID: 0}
    - target: {fileID: 2140249704899014364, guid: 844a84fb76032b143896bec0527271d2, type: 3}
      propertyPath: m_SizeDelta.x
      value: 0
      objectReference: {fileID: 0}
    - target: {fileID: 2140249704899014364, guid: 844a84fb76032b143896bec0527271d2, type: 3}
      propertyPath: m_AnchorMin.y
      value: 0
      objectReference: {fileID: 0}
    - target: {fileID: 2140249704899014364, guid: 844a84fb76032b143896bec0527271d2, type: 3}
      propertyPath: m_AnchorMax.y
      value: 0
      objectReference: {fileID: 0}
    - target: {fileID: 2140249704899014364, guid: 844a84fb76032b143896bec0527271d2, type: 3}
      propertyPath: m_SizeDelta.y
      value: 0
      objectReference: {fileID: 0}
    - target: {fileID: 2140249704899014364, guid: 844a84fb76032b143896bec0527271d2, type: 3}
      propertyPath: m_AnchoredPosition.y
      value: 0
      objectReference: {fileID: 0}
    - target: {fileID: 4529398399755757833, guid: 844a84fb76032b143896bec0527271d2, type: 3}
      propertyPath: m_Enabled
      value: 1
      objectReference: {fileID: 0}
    - target: {fileID: 4529398399755757833, guid: 844a84fb76032b143896bec0527271d2, type: 3}
      propertyPath: m_ChildControlHeight
      value: 1
      objectReference: {fileID: 0}
    - target: {fileID: 7429459063305551395, guid: 844a84fb76032b143896bec0527271d2, type: 3}
      propertyPath: m_SizeDelta.x
      value: 0
      objectReference: {fileID: 0}
    - target: {fileID: 7429459063305551395, guid: 844a84fb76032b143896bec0527271d2, type: 3}
      propertyPath: m_AnchorMin.y
      value: 0
      objectReference: {fileID: 0}
    - target: {fileID: 7429459063305551395, guid: 844a84fb76032b143896bec0527271d2, type: 3}
      propertyPath: m_AnchorMax.y
      value: 0
      objectReference: {fileID: 0}
    - target: {fileID: 7429459063305551395, guid: 844a84fb76032b143896bec0527271d2, type: 3}
      propertyPath: m_SizeDelta.y
      value: 0
      objectReference: {fileID: 0}
    - target: {fileID: 7429459063305551395, guid: 844a84fb76032b143896bec0527271d2, type: 3}
      propertyPath: m_AnchoredPosition.y
      value: 0
      objectReference: {fileID: 0}
    - target: {fileID: 7837096569661873904, guid: 844a84fb76032b143896bec0527271d2, type: 3}
      propertyPath: m_SizeDelta.x
      value: 1920
      objectReference: {fileID: 0}
    - target: {fileID: 7837096569661873904, guid: 844a84fb76032b143896bec0527271d2, type: 3}
      propertyPath: m_AnchorMin.y
      value: 0
      objectReference: {fileID: 0}
    - target: {fileID: 7837096569661873904, guid: 844a84fb76032b143896bec0527271d2, type: 3}
      propertyPath: m_AnchorMax.y
      value: 0
      objectReference: {fileID: 0}
    - target: {fileID: 7837096569661873904, guid: 844a84fb76032b143896bec0527271d2, type: 3}
      propertyPath: m_SizeDelta.y
      value: 0
      objectReference: {fileID: 0}
    - target: {fileID: 7837096569661873904, guid: 844a84fb76032b143896bec0527271d2, type: 3}
      propertyPath: m_AnchoredPosition.y
      value: 0
      objectReference: {fileID: 0}
    - target: {fileID: 8557346376685013902, guid: 844a84fb76032b143896bec0527271d2, type: 3}
      propertyPath: m_LocalPosition.x
      value: 0
      objectReference: {fileID: 0}
    - target: {fileID: 8557346376685013902, guid: 844a84fb76032b143896bec0527271d2, type: 3}
      propertyPath: m_LocalPosition.y
      value: 0
      objectReference: {fileID: 0}
    - target: {fileID: 8557346376685013902, guid: 844a84fb76032b143896bec0527271d2, type: 3}
      propertyPath: m_LocalPosition.z
      value: 0
      objectReference: {fileID: 0}
    - target: {fileID: 8557346376685013902, guid: 844a84fb76032b143896bec0527271d2, type: 3}
      propertyPath: m_LocalRotation.x
      value: 0
      objectReference: {fileID: 0}
    - target: {fileID: 8557346376685013902, guid: 844a84fb76032b143896bec0527271d2, type: 3}
      propertyPath: m_LocalRotation.y
      value: 0
      objectReference: {fileID: 0}
    - target: {fileID: 8557346376685013902, guid: 844a84fb76032b143896bec0527271d2, type: 3}
      propertyPath: m_LocalRotation.z
      value: 0
      objectReference: {fileID: 0}
    - target: {fileID: 8557346376685013902, guid: 844a84fb76032b143896bec0527271d2, type: 3}
      propertyPath: m_LocalRotation.w
      value: 1
      objectReference: {fileID: 0}
    - target: {fileID: 8557346376685013902, guid: 844a84fb76032b143896bec0527271d2, type: 3}
      propertyPath: m_RootOrder
      value: 2
      objectReference: {fileID: 0}
    - target: {fileID: 8557346376685013902, guid: 844a84fb76032b143896bec0527271d2, type: 3}
      propertyPath: m_LocalEulerAnglesHint.x
      value: 0
      objectReference: {fileID: 0}
    - target: {fileID: 8557346376685013902, guid: 844a84fb76032b143896bec0527271d2, type: 3}
      propertyPath: m_LocalEulerAnglesHint.y
      value: 0
      objectReference: {fileID: 0}
    - target: {fileID: 8557346376685013902, guid: 844a84fb76032b143896bec0527271d2, type: 3}
      propertyPath: m_LocalEulerAnglesHint.z
      value: 0
      objectReference: {fileID: 0}
    - target: {fileID: 8557346376685013902, guid: 844a84fb76032b143896bec0527271d2, type: 3}
      propertyPath: m_AnchoredPosition.x
      value: 0
      objectReference: {fileID: 0}
    - target: {fileID: 8557346376685013902, guid: 844a84fb76032b143896bec0527271d2, type: 3}
      propertyPath: m_AnchoredPosition.y
      value: 0
      objectReference: {fileID: 0}
    - target: {fileID: 8557346376685013902, guid: 844a84fb76032b143896bec0527271d2, type: 3}
      propertyPath: m_SizeDelta.x
      value: 0
      objectReference: {fileID: 0}
    - target: {fileID: 8557346376685013902, guid: 844a84fb76032b143896bec0527271d2, type: 3}
      propertyPath: m_SizeDelta.y
      value: 0
      objectReference: {fileID: 0}
    - target: {fileID: 8557346376685013902, guid: 844a84fb76032b143896bec0527271d2, type: 3}
      propertyPath: m_AnchorMin.x
      value: 0
      objectReference: {fileID: 0}
    - target: {fileID: 8557346376685013902, guid: 844a84fb76032b143896bec0527271d2, type: 3}
      propertyPath: m_AnchorMin.y
      value: 0
      objectReference: {fileID: 0}
    - target: {fileID: 8557346376685013902, guid: 844a84fb76032b143896bec0527271d2, type: 3}
      propertyPath: m_AnchorMax.x
      value: 0
      objectReference: {fileID: 0}
    - target: {fileID: 8557346376685013902, guid: 844a84fb76032b143896bec0527271d2, type: 3}
      propertyPath: m_AnchorMax.y
      value: 0
      objectReference: {fileID: 0}
    - target: {fileID: 8557346376685013902, guid: 844a84fb76032b143896bec0527271d2, type: 3}
      propertyPath: m_Pivot.x
      value: 0.5
      objectReference: {fileID: 0}
    - target: {fileID: 8557346376685013902, guid: 844a84fb76032b143896bec0527271d2, type: 3}
      propertyPath: m_Pivot.y
      value: 1
      objectReference: {fileID: 0}
    - target: {fileID: 8557346376685013903, guid: 844a84fb76032b143896bec0527271d2, type: 3}
      propertyPath: m_Name
      value: PrefaceScreen (2)
      objectReference: {fileID: 0}
    - target: {fileID: 8557346376685013903, guid: 844a84fb76032b143896bec0527271d2, type: 3}
      propertyPath: m_IsActive
      value: 1
      objectReference: {fileID: 0}
    m_RemovedComponents: []
  m_SourcePrefab: {fileID: 100100000, guid: 844a84fb76032b143896bec0527271d2, type: 3}
--- !u!224 &5244057814680950402 stripped
RectTransform:
  m_CorrespondingSourceObject: {fileID: 8557346376685013902, guid: 844a84fb76032b143896bec0527271d2, type: 3}
  m_PrefabInstance: {fileID: 4469664285523582220}
  m_PrefabAsset: {fileID: 0}
--- !u!114 &5344046474900421451 stripped
MonoBehaviour:
  m_CorrespondingSourceObject: {fileID: 8371824508859590215, guid: 844a84fb76032b143896bec0527271d2, type: 3}
  m_PrefabInstance: {fileID: 4469664285523582220}
  m_PrefabAsset: {fileID: 0}
  m_GameObject: {fileID: 0}
  m_Enabled: 1
  m_EditorHideFlags: 0
  m_Script: {fileID: 11500000, guid: ce1a565853020e344be2c0861e93112a, type: 3}
  m_Name: 
  m_EditorClassIdentifier: 
--- !u!1001 &4469664286171446586
PrefabInstance:
  m_ObjectHideFlags: 0
  serializedVersion: 2
  m_Modification:
    m_TransformParent: {fileID: 4469664286339478923}
    m_Modifications:
    - target: {fileID: 725679435796374007, guid: 844a84fb76032b143896bec0527271d2, type: 3}
      propertyPath: m_Enabled
      value: 1
      objectReference: {fileID: 0}
    - target: {fileID: 1296243605726136628, guid: 844a84fb76032b143896bec0527271d2, type: 3}
      propertyPath: m_AnchorMin.y
      value: 0
      objectReference: {fileID: 0}
    - target: {fileID: 1296243605726136628, guid: 844a84fb76032b143896bec0527271d2, type: 3}
      propertyPath: m_AnchorMax.y
      value: 0
      objectReference: {fileID: 0}
    - target: {fileID: 1296243605726136628, guid: 844a84fb76032b143896bec0527271d2, type: 3}
      propertyPath: m_AnchoredPosition.x
      value: 0
      objectReference: {fileID: 0}
    - target: {fileID: 1296243605726136628, guid: 844a84fb76032b143896bec0527271d2, type: 3}
      propertyPath: m_SizeDelta.x
      value: 0
      objectReference: {fileID: 0}
    - target: {fileID: 1296243605726136628, guid: 844a84fb76032b143896bec0527271d2, type: 3}
      propertyPath: m_SizeDelta.y
      value: 0
      objectReference: {fileID: 0}
    - target: {fileID: 1296243605726136629, guid: 844a84fb76032b143896bec0527271d2, type: 3}
      propertyPath: m_IsActive
      value: 1
      objectReference: {fileID: 0}
    - target: {fileID: 1615659413197828387, guid: 844a84fb76032b143896bec0527271d2, type: 3}
      propertyPath: m_AnchorMin.y
      value: 0
      objectReference: {fileID: 0}
    - target: {fileID: 1615659413197828387, guid: 844a84fb76032b143896bec0527271d2, type: 3}
      propertyPath: m_AnchorMax.y
      value: 0
      objectReference: {fileID: 0}
    - target: {fileID: 1615659413197828387, guid: 844a84fb76032b143896bec0527271d2, type: 3}
      propertyPath: m_AnchoredPosition.x
      value: 0
      objectReference: {fileID: 0}
    - target: {fileID: 1615659413197828387, guid: 844a84fb76032b143896bec0527271d2, type: 3}
      propertyPath: m_AnchoredPosition.y
      value: 0
      objectReference: {fileID: 0}
    - target: {fileID: 1615659413197828387, guid: 844a84fb76032b143896bec0527271d2, type: 3}
      propertyPath: m_SizeDelta.x
      value: 0
      objectReference: {fileID: 0}
    - target: {fileID: 1615659414132765315, guid: 844a84fb76032b143896bec0527271d2, type: 3}
      propertyPath: m_SizeDelta.x
      value: 1920
      objectReference: {fileID: 0}
    - target: {fileID: 1615659414132765315, guid: 844a84fb76032b143896bec0527271d2, type: 3}
      propertyPath: m_AnchorMin.y
      value: 1
      objectReference: {fileID: 0}
    - target: {fileID: 1615659414132765315, guid: 844a84fb76032b143896bec0527271d2, type: 3}
      propertyPath: m_AnchorMax.y
      value: 1
      objectReference: {fileID: 0}
    - target: {fileID: 1615659414132765315, guid: 844a84fb76032b143896bec0527271d2, type: 3}
      propertyPath: m_SizeDelta.y
      value: 0
      objectReference: {fileID: 0}
    - target: {fileID: 1615659414304394767, guid: 844a84fb76032b143896bec0527271d2, type: 3}
      propertyPath: m_SizeDelta.x
      value: 1920
      objectReference: {fileID: 0}
    - target: {fileID: 1615659414304394767, guid: 844a84fb76032b143896bec0527271d2, type: 3}
      propertyPath: m_AnchorMin.y
      value: 1
      objectReference: {fileID: 0}
    - target: {fileID: 1615659414304394767, guid: 844a84fb76032b143896bec0527271d2, type: 3}
      propertyPath: m_AnchorMax.y
      value: 1
      objectReference: {fileID: 0}
    - target: {fileID: 1615659414304394767, guid: 844a84fb76032b143896bec0527271d2, type: 3}
      propertyPath: m_SizeDelta.y
      value: 0
      objectReference: {fileID: 0}
    - target: {fileID: 1615659414304394767, guid: 844a84fb76032b143896bec0527271d2, type: 3}
      propertyPath: m_AnchoredPosition.y
      value: -111.72
      objectReference: {fileID: 0}
    - target: {fileID: 1884025097177491942, guid: 844a84fb76032b143896bec0527271d2, type: 3}
      propertyPath: m_IsActive
      value: 1
      objectReference: {fileID: 0}
    - target: {fileID: 1884025097177491943, guid: 844a84fb76032b143896bec0527271d2, type: 3}
      propertyPath: m_AnchorMin.y
      value: 0
      objectReference: {fileID: 0}
    - target: {fileID: 1884025097177491943, guid: 844a84fb76032b143896bec0527271d2, type: 3}
      propertyPath: m_AnchorMax.y
      value: 0
      objectReference: {fileID: 0}
    - target: {fileID: 1884025097177491943, guid: 844a84fb76032b143896bec0527271d2, type: 3}
      propertyPath: m_AnchoredPosition.x
      value: 0
      objectReference: {fileID: 0}
    - target: {fileID: 1884025097177491943, guid: 844a84fb76032b143896bec0527271d2, type: 3}
      propertyPath: m_AnchoredPosition.y
      value: 0
      objectReference: {fileID: 0}
    - target: {fileID: 1884025097177491943, guid: 844a84fb76032b143896bec0527271d2, type: 3}
      propertyPath: m_SizeDelta.x
      value: 0
      objectReference: {fileID: 0}
    - target: {fileID: 1884025097177491943, guid: 844a84fb76032b143896bec0527271d2, type: 3}
      propertyPath: m_SizeDelta.y
      value: 0
      objectReference: {fileID: 0}
    - target: {fileID: 2140249703792431600, guid: 844a84fb76032b143896bec0527271d2, type: 3}
      propertyPath: m_AnchorMin.y
      value: 0
      objectReference: {fileID: 0}
    - target: {fileID: 2140249703792431600, guid: 844a84fb76032b143896bec0527271d2, type: 3}
      propertyPath: m_AnchorMax.y
      value: 0
      objectReference: {fileID: 0}
    - target: {fileID: 2140249703792431600, guid: 844a84fb76032b143896bec0527271d2, type: 3}
      propertyPath: m_AnchoredPosition.x
      value: 0
      objectReference: {fileID: 0}
    - target: {fileID: 2140249703792431600, guid: 844a84fb76032b143896bec0527271d2, type: 3}
      propertyPath: m_AnchoredPosition.y
      value: 0
      objectReference: {fileID: 0}
    - target: {fileID: 2140249703792431600, guid: 844a84fb76032b143896bec0527271d2, type: 3}
      propertyPath: m_SizeDelta.x
      value: 0
      objectReference: {fileID: 0}
    - target: {fileID: 2140249704743883344, guid: 844a84fb76032b143896bec0527271d2, type: 3}
      propertyPath: m_SizeDelta.x
      value: 1920
      objectReference: {fileID: 0}
    - target: {fileID: 2140249704743883344, guid: 844a84fb76032b143896bec0527271d2, type: 3}
      propertyPath: m_AnchorMin.y
      value: 1
      objectReference: {fileID: 0}
    - target: {fileID: 2140249704743883344, guid: 844a84fb76032b143896bec0527271d2, type: 3}
      propertyPath: m_AnchorMax.y
      value: 1
      objectReference: {fileID: 0}
    - target: {fileID: 2140249704743883344, guid: 844a84fb76032b143896bec0527271d2, type: 3}
      propertyPath: m_SizeDelta.y
      value: 0
      objectReference: {fileID: 0}
    - target: {fileID: 2140249704899014364, guid: 844a84fb76032b143896bec0527271d2, type: 3}
      propertyPath: m_SizeDelta.x
      value: 1920
      objectReference: {fileID: 0}
    - target: {fileID: 2140249704899014364, guid: 844a84fb76032b143896bec0527271d2, type: 3}
      propertyPath: m_AnchorMin.y
      value: 1
      objectReference: {fileID: 0}
    - target: {fileID: 2140249704899014364, guid: 844a84fb76032b143896bec0527271d2, type: 3}
      propertyPath: m_AnchorMax.y
      value: 1
      objectReference: {fileID: 0}
    - target: {fileID: 2140249704899014364, guid: 844a84fb76032b143896bec0527271d2, type: 3}
      propertyPath: m_SizeDelta.y
      value: 0
      objectReference: {fileID: 0}
    - target: {fileID: 2140249704899014364, guid: 844a84fb76032b143896bec0527271d2, type: 3}
      propertyPath: m_AnchoredPosition.y
      value: -111.72
      objectReference: {fileID: 0}
    - target: {fileID: 4529398399755757833, guid: 844a84fb76032b143896bec0527271d2, type: 3}
      propertyPath: m_Enabled
      value: 1
      objectReference: {fileID: 0}
    - target: {fileID: 4529398399755757833, guid: 844a84fb76032b143896bec0527271d2, type: 3}
      propertyPath: m_ChildControlHeight
      value: 1
      objectReference: {fileID: 0}
    - target: {fileID: 7429459063305551395, guid: 844a84fb76032b143896bec0527271d2, type: 3}
      propertyPath: m_SizeDelta.x
      value: 1920
      objectReference: {fileID: 0}
    - target: {fileID: 7429459063305551395, guid: 844a84fb76032b143896bec0527271d2, type: 3}
      propertyPath: m_AnchorMin.y
      value: 1
      objectReference: {fileID: 0}
    - target: {fileID: 7429459063305551395, guid: 844a84fb76032b143896bec0527271d2, type: 3}
      propertyPath: m_AnchorMax.y
      value: 1
      objectReference: {fileID: 0}
    - target: {fileID: 7429459063305551395, guid: 844a84fb76032b143896bec0527271d2, type: 3}
      propertyPath: m_SizeDelta.y
      value: 0
      objectReference: {fileID: 0}
    - target: {fileID: 7429459063305551395, guid: 844a84fb76032b143896bec0527271d2, type: 3}
      propertyPath: m_AnchoredPosition.y
      value: -55.86
      objectReference: {fileID: 0}
    - target: {fileID: 7837096569661873904, guid: 844a84fb76032b143896bec0527271d2, type: 3}
      propertyPath: m_SizeDelta.x
      value: 1920
      objectReference: {fileID: 0}
    - target: {fileID: 7837096569661873904, guid: 844a84fb76032b143896bec0527271d2, type: 3}
      propertyPath: m_AnchorMin.y
      value: 1
      objectReference: {fileID: 0}
    - target: {fileID: 7837096569661873904, guid: 844a84fb76032b143896bec0527271d2, type: 3}
      propertyPath: m_AnchorMax.y
      value: 1
      objectReference: {fileID: 0}
    - target: {fileID: 7837096569661873904, guid: 844a84fb76032b143896bec0527271d2, type: 3}
      propertyPath: m_SizeDelta.y
      value: 0
      objectReference: {fileID: 0}
    - target: {fileID: 7837096569661873904, guid: 844a84fb76032b143896bec0527271d2, type: 3}
      propertyPath: m_AnchoredPosition.y
      value: -55.86
      objectReference: {fileID: 0}
    - target: {fileID: 8557346376685013902, guid: 844a84fb76032b143896bec0527271d2, type: 3}
      propertyPath: m_LocalPosition.x
      value: 0
      objectReference: {fileID: 0}
    - target: {fileID: 8557346376685013902, guid: 844a84fb76032b143896bec0527271d2, type: 3}
      propertyPath: m_LocalPosition.y
      value: 0
      objectReference: {fileID: 0}
    - target: {fileID: 8557346376685013902, guid: 844a84fb76032b143896bec0527271d2, type: 3}
      propertyPath: m_LocalPosition.z
      value: 0
      objectReference: {fileID: 0}
    - target: {fileID: 8557346376685013902, guid: 844a84fb76032b143896bec0527271d2, type: 3}
      propertyPath: m_LocalRotation.x
      value: 0
      objectReference: {fileID: 0}
    - target: {fileID: 8557346376685013902, guid: 844a84fb76032b143896bec0527271d2, type: 3}
      propertyPath: m_LocalRotation.y
      value: 0
      objectReference: {fileID: 0}
    - target: {fileID: 8557346376685013902, guid: 844a84fb76032b143896bec0527271d2, type: 3}
      propertyPath: m_LocalRotation.z
      value: 0
      objectReference: {fileID: 0}
    - target: {fileID: 8557346376685013902, guid: 844a84fb76032b143896bec0527271d2, type: 3}
      propertyPath: m_LocalRotation.w
      value: 1
      objectReference: {fileID: 0}
    - target: {fileID: 8557346376685013902, guid: 844a84fb76032b143896bec0527271d2, type: 3}
      propertyPath: m_RootOrder
      value: 3
      objectReference: {fileID: 0}
    - target: {fileID: 8557346376685013902, guid: 844a84fb76032b143896bec0527271d2, type: 3}
      propertyPath: m_LocalEulerAnglesHint.x
      value: 0
      objectReference: {fileID: 0}
    - target: {fileID: 8557346376685013902, guid: 844a84fb76032b143896bec0527271d2, type: 3}
      propertyPath: m_LocalEulerAnglesHint.y
      value: 0
      objectReference: {fileID: 0}
    - target: {fileID: 8557346376685013902, guid: 844a84fb76032b143896bec0527271d2, type: 3}
      propertyPath: m_LocalEulerAnglesHint.z
      value: 0
      objectReference: {fileID: 0}
    - target: {fileID: 8557346376685013902, guid: 844a84fb76032b143896bec0527271d2, type: 3}
      propertyPath: m_AnchoredPosition.x
      value: 0
      objectReference: {fileID: 0}
    - target: {fileID: 8557346376685013902, guid: 844a84fb76032b143896bec0527271d2, type: 3}
      propertyPath: m_AnchoredPosition.y
      value: 0
      objectReference: {fileID: 0}
    - target: {fileID: 8557346376685013902, guid: 844a84fb76032b143896bec0527271d2, type: 3}
      propertyPath: m_SizeDelta.x
      value: 0
      objectReference: {fileID: 0}
    - target: {fileID: 8557346376685013902, guid: 844a84fb76032b143896bec0527271d2, type: 3}
      propertyPath: m_SizeDelta.y
      value: 0
      objectReference: {fileID: 0}
    - target: {fileID: 8557346376685013902, guid: 844a84fb76032b143896bec0527271d2, type: 3}
      propertyPath: m_AnchorMin.x
      value: 0
      objectReference: {fileID: 0}
    - target: {fileID: 8557346376685013902, guid: 844a84fb76032b143896bec0527271d2, type: 3}
      propertyPath: m_AnchorMin.y
      value: 0
      objectReference: {fileID: 0}
    - target: {fileID: 8557346376685013902, guid: 844a84fb76032b143896bec0527271d2, type: 3}
      propertyPath: m_AnchorMax.x
      value: 0
      objectReference: {fileID: 0}
    - target: {fileID: 8557346376685013902, guid: 844a84fb76032b143896bec0527271d2, type: 3}
      propertyPath: m_AnchorMax.y
      value: 0
      objectReference: {fileID: 0}
    - target: {fileID: 8557346376685013902, guid: 844a84fb76032b143896bec0527271d2, type: 3}
      propertyPath: m_Pivot.x
      value: 0.5
      objectReference: {fileID: 0}
    - target: {fileID: 8557346376685013902, guid: 844a84fb76032b143896bec0527271d2, type: 3}
      propertyPath: m_Pivot.y
      value: 1
      objectReference: {fileID: 0}
    - target: {fileID: 8557346376685013903, guid: 844a84fb76032b143896bec0527271d2, type: 3}
      propertyPath: m_Name
      value: PrefaceScreen (3)
      objectReference: {fileID: 0}
    - target: {fileID: 8557346376685013903, guid: 844a84fb76032b143896bec0527271d2, type: 3}
      propertyPath: m_IsActive
      value: 1
      objectReference: {fileID: 0}
    m_RemovedComponents: []
  m_SourcePrefab: {fileID: 100100000, guid: 844a84fb76032b143896bec0527271d2, type: 3}
--- !u!224 &5244057815059199668 stripped
RectTransform:
  m_CorrespondingSourceObject: {fileID: 8557346376685013902, guid: 844a84fb76032b143896bec0527271d2, type: 3}
  m_PrefabInstance: {fileID: 4469664286171446586}
  m_PrefabAsset: {fileID: 0}
--- !u!114 &5344046474470857597 stripped
MonoBehaviour:
  m_CorrespondingSourceObject: {fileID: 8371824508859590215, guid: 844a84fb76032b143896bec0527271d2, type: 3}
  m_PrefabInstance: {fileID: 4469664286171446586}
  m_PrefabAsset: {fileID: 0}
  m_GameObject: {fileID: 0}
  m_Enabled: 1
  m_EditorHideFlags: 0
  m_Script: {fileID: 11500000, guid: ce1a565853020e344be2c0861e93112a, type: 3}
  m_Name: 
  m_EditorClassIdentifier: 
--- !u!1001 &4469664287015165125
PrefabInstance:
  m_ObjectHideFlags: 0
  serializedVersion: 2
  m_Modification:
    m_TransformParent: {fileID: 4469664286339478923}
    m_Modifications:
    - target: {fileID: 725679435796374007, guid: 844a84fb76032b143896bec0527271d2, type: 3}
      propertyPath: m_Enabled
      value: 1
      objectReference: {fileID: 0}
    - target: {fileID: 1296243605726136628, guid: 844a84fb76032b143896bec0527271d2, type: 3}
      propertyPath: m_AnchorMin.y
      value: 0
      objectReference: {fileID: 0}
    - target: {fileID: 1296243605726136628, guid: 844a84fb76032b143896bec0527271d2, type: 3}
      propertyPath: m_AnchorMax.y
      value: 0
      objectReference: {fileID: 0}
    - target: {fileID: 1296243605726136628, guid: 844a84fb76032b143896bec0527271d2, type: 3}
      propertyPath: m_AnchoredPosition.x
      value: 0
      objectReference: {fileID: 0}
    - target: {fileID: 1296243605726136628, guid: 844a84fb76032b143896bec0527271d2, type: 3}
      propertyPath: m_SizeDelta.x
      value: 0
      objectReference: {fileID: 0}
    - target: {fileID: 1296243605726136628, guid: 844a84fb76032b143896bec0527271d2, type: 3}
      propertyPath: m_SizeDelta.y
      value: 0
      objectReference: {fileID: 0}
    - target: {fileID: 1296243605726136629, guid: 844a84fb76032b143896bec0527271d2, type: 3}
      propertyPath: m_IsActive
      value: 1
      objectReference: {fileID: 0}
    - target: {fileID: 1615659413197828387, guid: 844a84fb76032b143896bec0527271d2, type: 3}
      propertyPath: m_AnchorMin.y
      value: 0
      objectReference: {fileID: 0}
    - target: {fileID: 1615659413197828387, guid: 844a84fb76032b143896bec0527271d2, type: 3}
      propertyPath: m_AnchorMax.y
      value: 0
      objectReference: {fileID: 0}
    - target: {fileID: 1615659413197828387, guid: 844a84fb76032b143896bec0527271d2, type: 3}
      propertyPath: m_AnchoredPosition.x
      value: 0
      objectReference: {fileID: 0}
    - target: {fileID: 1615659413197828387, guid: 844a84fb76032b143896bec0527271d2, type: 3}
      propertyPath: m_AnchoredPosition.y
      value: 0
      objectReference: {fileID: 0}
    - target: {fileID: 1615659413197828387, guid: 844a84fb76032b143896bec0527271d2, type: 3}
      propertyPath: m_SizeDelta.x
      value: 0
      objectReference: {fileID: 0}
    - target: {fileID: 1615659414132765315, guid: 844a84fb76032b143896bec0527271d2, type: 3}
      propertyPath: m_SizeDelta.x
      value: 1920
      objectReference: {fileID: 0}
    - target: {fileID: 1615659414132765315, guid: 844a84fb76032b143896bec0527271d2, type: 3}
      propertyPath: m_AnchorMin.y
      value: 1
      objectReference: {fileID: 0}
    - target: {fileID: 1615659414132765315, guid: 844a84fb76032b143896bec0527271d2, type: 3}
      propertyPath: m_AnchorMax.y
      value: 1
      objectReference: {fileID: 0}
    - target: {fileID: 1615659414132765315, guid: 844a84fb76032b143896bec0527271d2, type: 3}
      propertyPath: m_SizeDelta.y
      value: 0
      objectReference: {fileID: 0}
    - target: {fileID: 1615659414304394767, guid: 844a84fb76032b143896bec0527271d2, type: 3}
      propertyPath: m_SizeDelta.x
      value: 1920
      objectReference: {fileID: 0}
    - target: {fileID: 1615659414304394767, guid: 844a84fb76032b143896bec0527271d2, type: 3}
      propertyPath: m_AnchorMin.y
      value: 1
      objectReference: {fileID: 0}
    - target: {fileID: 1615659414304394767, guid: 844a84fb76032b143896bec0527271d2, type: 3}
      propertyPath: m_AnchorMax.y
      value: 1
      objectReference: {fileID: 0}
    - target: {fileID: 1615659414304394767, guid: 844a84fb76032b143896bec0527271d2, type: 3}
      propertyPath: m_SizeDelta.y
      value: 0
      objectReference: {fileID: 0}
    - target: {fileID: 1615659414304394767, guid: 844a84fb76032b143896bec0527271d2, type: 3}
      propertyPath: m_AnchoredPosition.y
      value: -111.72
      objectReference: {fileID: 0}
    - target: {fileID: 1884025097177491942, guid: 844a84fb76032b143896bec0527271d2, type: 3}
      propertyPath: m_IsActive
      value: 1
      objectReference: {fileID: 0}
    - target: {fileID: 1884025097177491943, guid: 844a84fb76032b143896bec0527271d2, type: 3}
      propertyPath: m_AnchorMin.y
      value: 0
      objectReference: {fileID: 0}
    - target: {fileID: 1884025097177491943, guid: 844a84fb76032b143896bec0527271d2, type: 3}
      propertyPath: m_AnchorMax.y
      value: 0
      objectReference: {fileID: 0}
    - target: {fileID: 1884025097177491943, guid: 844a84fb76032b143896bec0527271d2, type: 3}
      propertyPath: m_AnchoredPosition.x
      value: 0
      objectReference: {fileID: 0}
    - target: {fileID: 1884025097177491943, guid: 844a84fb76032b143896bec0527271d2, type: 3}
      propertyPath: m_AnchoredPosition.y
      value: 0
      objectReference: {fileID: 0}
    - target: {fileID: 1884025097177491943, guid: 844a84fb76032b143896bec0527271d2, type: 3}
      propertyPath: m_SizeDelta.x
      value: 0
      objectReference: {fileID: 0}
    - target: {fileID: 1884025097177491943, guid: 844a84fb76032b143896bec0527271d2, type: 3}
      propertyPath: m_SizeDelta.y
      value: 0
      objectReference: {fileID: 0}
    - target: {fileID: 2140249703792431600, guid: 844a84fb76032b143896bec0527271d2, type: 3}
      propertyPath: m_AnchorMin.y
      value: 0
      objectReference: {fileID: 0}
    - target: {fileID: 2140249703792431600, guid: 844a84fb76032b143896bec0527271d2, type: 3}
      propertyPath: m_AnchorMax.y
      value: 0
      objectReference: {fileID: 0}
    - target: {fileID: 2140249703792431600, guid: 844a84fb76032b143896bec0527271d2, type: 3}
      propertyPath: m_AnchoredPosition.x
      value: 0
      objectReference: {fileID: 0}
    - target: {fileID: 2140249703792431600, guid: 844a84fb76032b143896bec0527271d2, type: 3}
      propertyPath: m_AnchoredPosition.y
      value: 0
      objectReference: {fileID: 0}
    - target: {fileID: 2140249703792431600, guid: 844a84fb76032b143896bec0527271d2, type: 3}
      propertyPath: m_SizeDelta.x
      value: 0
      objectReference: {fileID: 0}
    - target: {fileID: 2140249704743883344, guid: 844a84fb76032b143896bec0527271d2, type: 3}
      propertyPath: m_SizeDelta.x
      value: 1920
      objectReference: {fileID: 0}
    - target: {fileID: 2140249704743883344, guid: 844a84fb76032b143896bec0527271d2, type: 3}
      propertyPath: m_AnchorMin.y
      value: 1
      objectReference: {fileID: 0}
    - target: {fileID: 2140249704743883344, guid: 844a84fb76032b143896bec0527271d2, type: 3}
      propertyPath: m_AnchorMax.y
      value: 1
      objectReference: {fileID: 0}
    - target: {fileID: 2140249704743883344, guid: 844a84fb76032b143896bec0527271d2, type: 3}
      propertyPath: m_SizeDelta.y
      value: 0
      objectReference: {fileID: 0}
    - target: {fileID: 2140249704899014364, guid: 844a84fb76032b143896bec0527271d2, type: 3}
      propertyPath: m_SizeDelta.x
      value: 1920
      objectReference: {fileID: 0}
    - target: {fileID: 2140249704899014364, guid: 844a84fb76032b143896bec0527271d2, type: 3}
      propertyPath: m_AnchorMin.y
      value: 1
      objectReference: {fileID: 0}
    - target: {fileID: 2140249704899014364, guid: 844a84fb76032b143896bec0527271d2, type: 3}
      propertyPath: m_AnchorMax.y
      value: 1
      objectReference: {fileID: 0}
    - target: {fileID: 2140249704899014364, guid: 844a84fb76032b143896bec0527271d2, type: 3}
      propertyPath: m_SizeDelta.y
      value: 0
      objectReference: {fileID: 0}
    - target: {fileID: 2140249704899014364, guid: 844a84fb76032b143896bec0527271d2, type: 3}
      propertyPath: m_AnchoredPosition.y
      value: -111.72
      objectReference: {fileID: 0}
    - target: {fileID: 4529398399755757833, guid: 844a84fb76032b143896bec0527271d2, type: 3}
      propertyPath: m_Enabled
      value: 1
      objectReference: {fileID: 0}
    - target: {fileID: 4529398399755757833, guid: 844a84fb76032b143896bec0527271d2, type: 3}
      propertyPath: m_ChildControlHeight
      value: 1
      objectReference: {fileID: 0}
    - target: {fileID: 7429459063305551395, guid: 844a84fb76032b143896bec0527271d2, type: 3}
      propertyPath: m_SizeDelta.x
      value: 1920
      objectReference: {fileID: 0}
    - target: {fileID: 7429459063305551395, guid: 844a84fb76032b143896bec0527271d2, type: 3}
      propertyPath: m_AnchorMin.y
      value: 1
      objectReference: {fileID: 0}
    - target: {fileID: 7429459063305551395, guid: 844a84fb76032b143896bec0527271d2, type: 3}
      propertyPath: m_AnchorMax.y
      value: 1
      objectReference: {fileID: 0}
    - target: {fileID: 7429459063305551395, guid: 844a84fb76032b143896bec0527271d2, type: 3}
      propertyPath: m_SizeDelta.y
      value: 0
      objectReference: {fileID: 0}
    - target: {fileID: 7429459063305551395, guid: 844a84fb76032b143896bec0527271d2, type: 3}
      propertyPath: m_AnchoredPosition.y
      value: -55.86
      objectReference: {fileID: 0}
    - target: {fileID: 7837096569661873904, guid: 844a84fb76032b143896bec0527271d2, type: 3}
      propertyPath: m_SizeDelta.x
      value: 1920
      objectReference: {fileID: 0}
    - target: {fileID: 7837096569661873904, guid: 844a84fb76032b143896bec0527271d2, type: 3}
      propertyPath: m_AnchorMin.y
      value: 1
      objectReference: {fileID: 0}
    - target: {fileID: 7837096569661873904, guid: 844a84fb76032b143896bec0527271d2, type: 3}
      propertyPath: m_AnchorMax.y
      value: 1
      objectReference: {fileID: 0}
    - target: {fileID: 7837096569661873904, guid: 844a84fb76032b143896bec0527271d2, type: 3}
      propertyPath: m_SizeDelta.y
      value: 0
      objectReference: {fileID: 0}
    - target: {fileID: 7837096569661873904, guid: 844a84fb76032b143896bec0527271d2, type: 3}
      propertyPath: m_AnchoredPosition.y
      value: -55.86
      objectReference: {fileID: 0}
    - target: {fileID: 8557346376685013902, guid: 844a84fb76032b143896bec0527271d2, type: 3}
      propertyPath: m_LocalPosition.x
      value: 0
      objectReference: {fileID: 0}
    - target: {fileID: 8557346376685013902, guid: 844a84fb76032b143896bec0527271d2, type: 3}
      propertyPath: m_LocalPosition.y
      value: 0
      objectReference: {fileID: 0}
    - target: {fileID: 8557346376685013902, guid: 844a84fb76032b143896bec0527271d2, type: 3}
      propertyPath: m_LocalPosition.z
      value: 0
      objectReference: {fileID: 0}
    - target: {fileID: 8557346376685013902, guid: 844a84fb76032b143896bec0527271d2, type: 3}
      propertyPath: m_LocalRotation.x
      value: 0
      objectReference: {fileID: 0}
    - target: {fileID: 8557346376685013902, guid: 844a84fb76032b143896bec0527271d2, type: 3}
      propertyPath: m_LocalRotation.y
      value: 0
      objectReference: {fileID: 0}
    - target: {fileID: 8557346376685013902, guid: 844a84fb76032b143896bec0527271d2, type: 3}
      propertyPath: m_LocalRotation.z
      value: 0
      objectReference: {fileID: 0}
    - target: {fileID: 8557346376685013902, guid: 844a84fb76032b143896bec0527271d2, type: 3}
      propertyPath: m_LocalRotation.w
      value: 1
      objectReference: {fileID: 0}
    - target: {fileID: 8557346376685013902, guid: 844a84fb76032b143896bec0527271d2, type: 3}
      propertyPath: m_RootOrder
      value: 1
      objectReference: {fileID: 0}
    - target: {fileID: 8557346376685013902, guid: 844a84fb76032b143896bec0527271d2, type: 3}
      propertyPath: m_LocalEulerAnglesHint.x
      value: 0
      objectReference: {fileID: 0}
    - target: {fileID: 8557346376685013902, guid: 844a84fb76032b143896bec0527271d2, type: 3}
      propertyPath: m_LocalEulerAnglesHint.y
      value: 0
      objectReference: {fileID: 0}
    - target: {fileID: 8557346376685013902, guid: 844a84fb76032b143896bec0527271d2, type: 3}
      propertyPath: m_LocalEulerAnglesHint.z
      value: 0
      objectReference: {fileID: 0}
    - target: {fileID: 8557346376685013902, guid: 844a84fb76032b143896bec0527271d2, type: 3}
      propertyPath: m_AnchoredPosition.x
      value: 0
      objectReference: {fileID: 0}
    - target: {fileID: 8557346376685013902, guid: 844a84fb76032b143896bec0527271d2, type: 3}
      propertyPath: m_AnchoredPosition.y
      value: 0
      objectReference: {fileID: 0}
    - target: {fileID: 8557346376685013902, guid: 844a84fb76032b143896bec0527271d2, type: 3}
      propertyPath: m_SizeDelta.x
      value: 0
      objectReference: {fileID: 0}
    - target: {fileID: 8557346376685013902, guid: 844a84fb76032b143896bec0527271d2, type: 3}
      propertyPath: m_SizeDelta.y
      value: 0
      objectReference: {fileID: 0}
    - target: {fileID: 8557346376685013902, guid: 844a84fb76032b143896bec0527271d2, type: 3}
      propertyPath: m_AnchorMin.x
      value: 0
      objectReference: {fileID: 0}
    - target: {fileID: 8557346376685013902, guid: 844a84fb76032b143896bec0527271d2, type: 3}
      propertyPath: m_AnchorMin.y
      value: 0
      objectReference: {fileID: 0}
    - target: {fileID: 8557346376685013902, guid: 844a84fb76032b143896bec0527271d2, type: 3}
      propertyPath: m_AnchorMax.x
      value: 0
      objectReference: {fileID: 0}
    - target: {fileID: 8557346376685013902, guid: 844a84fb76032b143896bec0527271d2, type: 3}
      propertyPath: m_AnchorMax.y
      value: 0
      objectReference: {fileID: 0}
    - target: {fileID: 8557346376685013902, guid: 844a84fb76032b143896bec0527271d2, type: 3}
      propertyPath: m_Pivot.x
      value: 0.5
      objectReference: {fileID: 0}
    - target: {fileID: 8557346376685013902, guid: 844a84fb76032b143896bec0527271d2, type: 3}
      propertyPath: m_Pivot.y
      value: 1
      objectReference: {fileID: 0}
    - target: {fileID: 8557346376685013903, guid: 844a84fb76032b143896bec0527271d2, type: 3}
      propertyPath: m_Name
      value: PrefaceScreen (1)
      objectReference: {fileID: 0}
    - target: {fileID: 8557346376685013903, guid: 844a84fb76032b143896bec0527271d2, type: 3}
      propertyPath: m_IsActive
      value: 1
      objectReference: {fileID: 0}
    m_RemovedComponents: []
  m_SourcePrefab: {fileID: 100100000, guid: 844a84fb76032b143896bec0527271d2, type: 3}
--- !u!224 &5244057813285640011 stripped
RectTransform:
  m_CorrespondingSourceObject: {fileID: 8557346376685013902, guid: 844a84fb76032b143896bec0527271d2, type: 3}
  m_PrefabInstance: {fileID: 4469664287015165125}
  m_PrefabAsset: {fileID: 0}
--- !u!114 &5344046473576577666 stripped
MonoBehaviour:
  m_CorrespondingSourceObject: {fileID: 8371824508859590215, guid: 844a84fb76032b143896bec0527271d2, type: 3}
  m_PrefabInstance: {fileID: 4469664287015165125}
  m_PrefabAsset: {fileID: 0}
  m_GameObject: {fileID: 0}
  m_Enabled: 1
  m_EditorHideFlags: 0
  m_Script: {fileID: 11500000, guid: ce1a565853020e344be2c0861e93112a, type: 3}
  m_Name: 
  m_EditorClassIdentifier: 
--- !u!1001 &4469664287400492763
PrefabInstance:
  m_ObjectHideFlags: 0
  serializedVersion: 2
  m_Modification:
    m_TransformParent: {fileID: 4469664286339478923}
    m_Modifications:
    - target: {fileID: 725679435796374007, guid: 844a84fb76032b143896bec0527271d2, type: 3}
      propertyPath: m_Enabled
      value: 1
      objectReference: {fileID: 0}
    - target: {fileID: 1296243605726136628, guid: 844a84fb76032b143896bec0527271d2, type: 3}
      propertyPath: m_AnchorMin.y
      value: 0
      objectReference: {fileID: 0}
    - target: {fileID: 1296243605726136628, guid: 844a84fb76032b143896bec0527271d2, type: 3}
      propertyPath: m_AnchorMax.y
      value: 0
      objectReference: {fileID: 0}
    - target: {fileID: 1296243605726136628, guid: 844a84fb76032b143896bec0527271d2, type: 3}
      propertyPath: m_AnchoredPosition.x
      value: 0
      objectReference: {fileID: 0}
    - target: {fileID: 1296243605726136628, guid: 844a84fb76032b143896bec0527271d2, type: 3}
      propertyPath: m_SizeDelta.x
      value: 0
      objectReference: {fileID: 0}
    - target: {fileID: 1296243605726136628, guid: 844a84fb76032b143896bec0527271d2, type: 3}
      propertyPath: m_SizeDelta.y
      value: 0
      objectReference: {fileID: 0}
    - target: {fileID: 1296243605726136629, guid: 844a84fb76032b143896bec0527271d2, type: 3}
      propertyPath: m_IsActive
      value: 1
      objectReference: {fileID: 0}
    - target: {fileID: 1615659413197828387, guid: 844a84fb76032b143896bec0527271d2, type: 3}
      propertyPath: m_AnchorMin.y
      value: 0
      objectReference: {fileID: 0}
    - target: {fileID: 1615659413197828387, guid: 844a84fb76032b143896bec0527271d2, type: 3}
      propertyPath: m_AnchorMax.y
      value: 0
      objectReference: {fileID: 0}
    - target: {fileID: 1615659413197828387, guid: 844a84fb76032b143896bec0527271d2, type: 3}
      propertyPath: m_AnchoredPosition.x
      value: 0
      objectReference: {fileID: 0}
    - target: {fileID: 1615659413197828387, guid: 844a84fb76032b143896bec0527271d2, type: 3}
      propertyPath: m_AnchoredPosition.y
      value: 0
      objectReference: {fileID: 0}
    - target: {fileID: 1615659413197828387, guid: 844a84fb76032b143896bec0527271d2, type: 3}
      propertyPath: m_SizeDelta.x
      value: 0
      objectReference: {fileID: 0}
    - target: {fileID: 1615659414132765315, guid: 844a84fb76032b143896bec0527271d2, type: 3}
      propertyPath: m_SizeDelta.x
      value: 1920
      objectReference: {fileID: 0}
    - target: {fileID: 1615659414132765315, guid: 844a84fb76032b143896bec0527271d2, type: 3}
      propertyPath: m_AnchorMin.y
      value: 0
      objectReference: {fileID: 0}
    - target: {fileID: 1615659414132765315, guid: 844a84fb76032b143896bec0527271d2, type: 3}
      propertyPath: m_AnchorMax.y
      value: 0
      objectReference: {fileID: 0}
    - target: {fileID: 1615659414132765315, guid: 844a84fb76032b143896bec0527271d2, type: 3}
      propertyPath: m_SizeDelta.y
      value: 0
      objectReference: {fileID: 0}
    - target: {fileID: 1615659414304394767, guid: 844a84fb76032b143896bec0527271d2, type: 3}
      propertyPath: m_SizeDelta.x
      value: 1920
      objectReference: {fileID: 0}
    - target: {fileID: 1615659414304394767, guid: 844a84fb76032b143896bec0527271d2, type: 3}
      propertyPath: m_AnchorMin.y
      value: 0
      objectReference: {fileID: 0}
    - target: {fileID: 1615659414304394767, guid: 844a84fb76032b143896bec0527271d2, type: 3}
      propertyPath: m_AnchorMax.y
      value: 0
      objectReference: {fileID: 0}
    - target: {fileID: 1615659414304394767, guid: 844a84fb76032b143896bec0527271d2, type: 3}
      propertyPath: m_SizeDelta.y
      value: 0
      objectReference: {fileID: 0}
    - target: {fileID: 1615659414304394767, guid: 844a84fb76032b143896bec0527271d2, type: 3}
      propertyPath: m_AnchoredPosition.y
      value: 0
      objectReference: {fileID: 0}
    - target: {fileID: 1884025097177491942, guid: 844a84fb76032b143896bec0527271d2, type: 3}
      propertyPath: m_IsActive
      value: 1
      objectReference: {fileID: 0}
    - target: {fileID: 1884025097177491943, guid: 844a84fb76032b143896bec0527271d2, type: 3}
      propertyPath: m_AnchorMin.y
      value: 0
      objectReference: {fileID: 0}
    - target: {fileID: 1884025097177491943, guid: 844a84fb76032b143896bec0527271d2, type: 3}
      propertyPath: m_AnchorMax.y
      value: 0
      objectReference: {fileID: 0}
    - target: {fileID: 1884025097177491943, guid: 844a84fb76032b143896bec0527271d2, type: 3}
      propertyPath: m_AnchoredPosition.x
      value: 0
      objectReference: {fileID: 0}
    - target: {fileID: 1884025097177491943, guid: 844a84fb76032b143896bec0527271d2, type: 3}
      propertyPath: m_AnchoredPosition.y
      value: 0
      objectReference: {fileID: 0}
    - target: {fileID: 1884025097177491943, guid: 844a84fb76032b143896bec0527271d2, type: 3}
      propertyPath: m_SizeDelta.x
      value: 0
      objectReference: {fileID: 0}
    - target: {fileID: 1884025097177491943, guid: 844a84fb76032b143896bec0527271d2, type: 3}
      propertyPath: m_SizeDelta.y
      value: 0
      objectReference: {fileID: 0}
    - target: {fileID: 2140249703792431600, guid: 844a84fb76032b143896bec0527271d2, type: 3}
      propertyPath: m_AnchorMin.y
      value: 0
      objectReference: {fileID: 0}
    - target: {fileID: 2140249703792431600, guid: 844a84fb76032b143896bec0527271d2, type: 3}
      propertyPath: m_AnchorMax.y
      value: 0
      objectReference: {fileID: 0}
    - target: {fileID: 2140249703792431600, guid: 844a84fb76032b143896bec0527271d2, type: 3}
      propertyPath: m_AnchoredPosition.x
      value: 0
      objectReference: {fileID: 0}
    - target: {fileID: 2140249703792431600, guid: 844a84fb76032b143896bec0527271d2, type: 3}
      propertyPath: m_AnchoredPosition.y
      value: 0
      objectReference: {fileID: 0}
    - target: {fileID: 2140249703792431600, guid: 844a84fb76032b143896bec0527271d2, type: 3}
      propertyPath: m_SizeDelta.x
      value: 0
      objectReference: {fileID: 0}
    - target: {fileID: 2140249704743883344, guid: 844a84fb76032b143896bec0527271d2, type: 3}
      propertyPath: m_SizeDelta.x
      value: 0
      objectReference: {fileID: 0}
    - target: {fileID: 2140249704743883344, guid: 844a84fb76032b143896bec0527271d2, type: 3}
      propertyPath: m_AnchorMin.y
      value: 0
      objectReference: {fileID: 0}
    - target: {fileID: 2140249704743883344, guid: 844a84fb76032b143896bec0527271d2, type: 3}
      propertyPath: m_AnchorMax.y
      value: 0
      objectReference: {fileID: 0}
    - target: {fileID: 2140249704743883344, guid: 844a84fb76032b143896bec0527271d2, type: 3}
      propertyPath: m_SizeDelta.y
      value: 0
      objectReference: {fileID: 0}
    - target: {fileID: 2140249704899014364, guid: 844a84fb76032b143896bec0527271d2, type: 3}
      propertyPath: m_SizeDelta.x
      value: 0
      objectReference: {fileID: 0}
    - target: {fileID: 2140249704899014364, guid: 844a84fb76032b143896bec0527271d2, type: 3}
      propertyPath: m_AnchorMin.y
      value: 0
      objectReference: {fileID: 0}
    - target: {fileID: 2140249704899014364, guid: 844a84fb76032b143896bec0527271d2, type: 3}
      propertyPath: m_AnchorMax.y
      value: 0
      objectReference: {fileID: 0}
    - target: {fileID: 2140249704899014364, guid: 844a84fb76032b143896bec0527271d2, type: 3}
      propertyPath: m_SizeDelta.y
      value: 0
      objectReference: {fileID: 0}
    - target: {fileID: 2140249704899014364, guid: 844a84fb76032b143896bec0527271d2, type: 3}
      propertyPath: m_AnchoredPosition.y
      value: 0
      objectReference: {fileID: 0}
    - target: {fileID: 4529398399755757833, guid: 844a84fb76032b143896bec0527271d2, type: 3}
      propertyPath: m_Enabled
      value: 1
      objectReference: {fileID: 0}
    - target: {fileID: 4529398399755757833, guid: 844a84fb76032b143896bec0527271d2, type: 3}
      propertyPath: m_ChildControlHeight
      value: 1
      objectReference: {fileID: 0}
    - target: {fileID: 7429459063305551395, guid: 844a84fb76032b143896bec0527271d2, type: 3}
      propertyPath: m_SizeDelta.x
      value: 0
      objectReference: {fileID: 0}
    - target: {fileID: 7429459063305551395, guid: 844a84fb76032b143896bec0527271d2, type: 3}
      propertyPath: m_AnchorMin.y
      value: 0
      objectReference: {fileID: 0}
    - target: {fileID: 7429459063305551395, guid: 844a84fb76032b143896bec0527271d2, type: 3}
      propertyPath: m_AnchorMax.y
      value: 0
      objectReference: {fileID: 0}
    - target: {fileID: 7429459063305551395, guid: 844a84fb76032b143896bec0527271d2, type: 3}
      propertyPath: m_SizeDelta.y
      value: 0
      objectReference: {fileID: 0}
    - target: {fileID: 7429459063305551395, guid: 844a84fb76032b143896bec0527271d2, type: 3}
      propertyPath: m_AnchoredPosition.y
      value: 0
      objectReference: {fileID: 0}
    - target: {fileID: 7837096569661873904, guid: 844a84fb76032b143896bec0527271d2, type: 3}
      propertyPath: m_SizeDelta.x
      value: 1920
      objectReference: {fileID: 0}
    - target: {fileID: 7837096569661873904, guid: 844a84fb76032b143896bec0527271d2, type: 3}
      propertyPath: m_AnchorMin.y
      value: 0
      objectReference: {fileID: 0}
    - target: {fileID: 7837096569661873904, guid: 844a84fb76032b143896bec0527271d2, type: 3}
      propertyPath: m_AnchorMax.y
      value: 0
      objectReference: {fileID: 0}
    - target: {fileID: 7837096569661873904, guid: 844a84fb76032b143896bec0527271d2, type: 3}
      propertyPath: m_SizeDelta.y
      value: 0
      objectReference: {fileID: 0}
    - target: {fileID: 7837096569661873904, guid: 844a84fb76032b143896bec0527271d2, type: 3}
      propertyPath: m_AnchoredPosition.y
      value: 0
      objectReference: {fileID: 0}
    - target: {fileID: 8557346376685013902, guid: 844a84fb76032b143896bec0527271d2, type: 3}
      propertyPath: m_LocalPosition.x
      value: 0
      objectReference: {fileID: 0}
    - target: {fileID: 8557346376685013902, guid: 844a84fb76032b143896bec0527271d2, type: 3}
      propertyPath: m_LocalPosition.y
      value: 0
      objectReference: {fileID: 0}
    - target: {fileID: 8557346376685013902, guid: 844a84fb76032b143896bec0527271d2, type: 3}
      propertyPath: m_LocalPosition.z
      value: 0
      objectReference: {fileID: 0}
    - target: {fileID: 8557346376685013902, guid: 844a84fb76032b143896bec0527271d2, type: 3}
      propertyPath: m_LocalRotation.x
      value: 0
      objectReference: {fileID: 0}
    - target: {fileID: 8557346376685013902, guid: 844a84fb76032b143896bec0527271d2, type: 3}
      propertyPath: m_LocalRotation.y
      value: 0
      objectReference: {fileID: 0}
    - target: {fileID: 8557346376685013902, guid: 844a84fb76032b143896bec0527271d2, type: 3}
      propertyPath: m_LocalRotation.z
      value: 0
      objectReference: {fileID: 0}
    - target: {fileID: 8557346376685013902, guid: 844a84fb76032b143896bec0527271d2, type: 3}
      propertyPath: m_LocalRotation.w
      value: 1
      objectReference: {fileID: 0}
    - target: {fileID: 8557346376685013902, guid: 844a84fb76032b143896bec0527271d2, type: 3}
      propertyPath: m_RootOrder
      value: 0
      objectReference: {fileID: 0}
    - target: {fileID: 8557346376685013902, guid: 844a84fb76032b143896bec0527271d2, type: 3}
      propertyPath: m_LocalEulerAnglesHint.x
      value: 0
      objectReference: {fileID: 0}
    - target: {fileID: 8557346376685013902, guid: 844a84fb76032b143896bec0527271d2, type: 3}
      propertyPath: m_LocalEulerAnglesHint.y
      value: 0
      objectReference: {fileID: 0}
    - target: {fileID: 8557346376685013902, guid: 844a84fb76032b143896bec0527271d2, type: 3}
      propertyPath: m_LocalEulerAnglesHint.z
      value: 0
      objectReference: {fileID: 0}
    - target: {fileID: 8557346376685013902, guid: 844a84fb76032b143896bec0527271d2, type: 3}
      propertyPath: m_AnchoredPosition.x
      value: 0
      objectReference: {fileID: 0}
    - target: {fileID: 8557346376685013902, guid: 844a84fb76032b143896bec0527271d2, type: 3}
      propertyPath: m_AnchoredPosition.y
      value: 0
      objectReference: {fileID: 0}
    - target: {fileID: 8557346376685013902, guid: 844a84fb76032b143896bec0527271d2, type: 3}
      propertyPath: m_SizeDelta.x
      value: 0
      objectReference: {fileID: 0}
    - target: {fileID: 8557346376685013902, guid: 844a84fb76032b143896bec0527271d2, type: 3}
      propertyPath: m_SizeDelta.y
      value: 0
      objectReference: {fileID: 0}
    - target: {fileID: 8557346376685013902, guid: 844a84fb76032b143896bec0527271d2, type: 3}
      propertyPath: m_AnchorMin.x
      value: 0
      objectReference: {fileID: 0}
    - target: {fileID: 8557346376685013902, guid: 844a84fb76032b143896bec0527271d2, type: 3}
      propertyPath: m_AnchorMin.y
      value: 0
      objectReference: {fileID: 0}
    - target: {fileID: 8557346376685013902, guid: 844a84fb76032b143896bec0527271d2, type: 3}
      propertyPath: m_AnchorMax.x
      value: 0
      objectReference: {fileID: 0}
    - target: {fileID: 8557346376685013902, guid: 844a84fb76032b143896bec0527271d2, type: 3}
      propertyPath: m_AnchorMax.y
      value: 0
      objectReference: {fileID: 0}
    - target: {fileID: 8557346376685013902, guid: 844a84fb76032b143896bec0527271d2, type: 3}
      propertyPath: m_Pivot.x
      value: 0.5
      objectReference: {fileID: 0}
    - target: {fileID: 8557346376685013902, guid: 844a84fb76032b143896bec0527271d2, type: 3}
      propertyPath: m_Pivot.y
      value: 1
      objectReference: {fileID: 0}
    - target: {fileID: 8557346376685013903, guid: 844a84fb76032b143896bec0527271d2, type: 3}
      propertyPath: m_Name
      value: PrefaceScreen
      objectReference: {fileID: 0}
    - target: {fileID: 8557346376685013903, guid: 844a84fb76032b143896bec0527271d2, type: 3}
      propertyPath: m_IsActive
      value: 1
      objectReference: {fileID: 0}
    m_RemovedComponents: []
  m_SourcePrefab: {fileID: 100100000, guid: 844a84fb76032b143896bec0527271d2, type: 3}
--- !u!224 &5244057813873341781 stripped
RectTransform:
  m_CorrespondingSourceObject: {fileID: 8557346376685013902, guid: 844a84fb76032b143896bec0527271d2, type: 3}
  m_PrefabInstance: {fileID: 4469664287400492763}
  m_PrefabAsset: {fileID: 0}
--- !u!114 &5344046473023412380 stripped
MonoBehaviour:
  m_CorrespondingSourceObject: {fileID: 8371824508859590215, guid: 844a84fb76032b143896bec0527271d2, type: 3}
  m_PrefabInstance: {fileID: 4469664287400492763}
  m_PrefabAsset: {fileID: 0}
  m_GameObject: {fileID: 0}
  m_Enabled: 1
  m_EditorHideFlags: 0
  m_Script: {fileID: 11500000, guid: ce1a565853020e344be2c0861e93112a, type: 3}
  m_Name: 
  m_EditorClassIdentifier: 
